 Dungeon Crawl Stone Soup version 0.28-a0-1415-g7c84da036a (webtiles) character file.

Game seed: 6266006331495906626

315 SirFunk the Magician (level 6, -3/47 HPs)
             Began as a Djinni Conjurer on Jan 7, 2022.
             Slain by a lemure (5 damage)
             ... led by Pikel
             ... on level 3 of the Dungeon.
             The game lasted 00:07:03 (4543 turns).

SirFunk the Magician (Djinni Conjurer)              Turns: 4543, Time: 00:07:03

Health: -3/47      AC:  2    Str:  6    XL:     6   Next: 72%
Gold:   169        EV: 12    Int: 21    God:
                   SH:  0    Dex: 12

rFire   + + .      SeeInvis .   a - +2 whip (elec)
rCold   x . .      Faith    .   (no shield)
rNeg    . . .      Spirit   .   l - +0 robe
rPois   ∞          Reflect  .   (no helmet)
rElec   .          Harm     .   (no cloak)
rCorr   .          Rampage  .   (no gloves)
Will    .....                   (boots unavailable)
Stlth   ++........              (no amulet)
HPRegen 0.15/turn               (no ring)
MPRegen 0.00/turn               (no ring)

@: flying
A: sickness immunity, fire resistance 2, cold vulnerability 1, float, innate
caster, hp casting, extra vitality 1
a: no special abilities


You were on level 3 of the Dungeon.
You visited 1 branch of the dungeon, and saw 4 of its levels.

You collected 169 gold pieces.

Inventory:

Hand Weapons
 a - a +2 whip of electrocution (weapon)
 p - a +0 spear
Missiles
 g - 6 curare-tipped darts
Armour
 l - a +0 robe (worn)
Magical Staves
 q - a staff of death
Wands
 b - a wand of polymorph (11)
Scrolls
 c - a scroll of teleportation {unknown}
 n - a scroll of enchant weapon {unknown}
 o - a scroll of acquirement {unknown}
 r - a scroll of magic mapping {unknown}
Potions
 d - a potion of might {unknown}
 e - 4 potions of curing {unknown}
 f - a potion of berserk rage {unknown}
 h - a potion of resistance {unknown}
 i - 2 potions of haste
 j - a potion of invisibility {unknown}
 k - a potion of mutation {unknown}
 m - a potion of brilliance {unknown}
 s - a potion of flight {unknown}


   Skills:
 + Level 4.2 Fighting
 - Level 2.1 Dodging
 - Level 1.5 Stealth
 + Level 4.7 Spellcasting


You couldn't memorise any spells.
You knew the following spells:

 Your Spells              Type           Power      Damage    Failure   Level
a - Magic Dart            Conj           100%       1d8       1%          1
b - Searing Ray           Conj           50%        2d6       2%          2
c - Dazzling Flash        Conj/Hex       50%        N/A       4%          3
d - Fulminant Prism       Conj/Hex       12%        3d9       16%         4
e - Iskenderun's Mystic   Conj/Tloc      25%        2d7       16%         4
f - Shock                 Conj/Air       100%       1d9       1%          1
g - Passwall              Tmut/Erth      20%        N/A       2%          2
Your spell library was empty.

Dungeon Overview and Level Annotations

Branches:
Dungeon (4/15)
 Temple: D:4-7

Altars:

Shops:
D:3 *

Annotations:
D:3 1 runed translucent door, Crazy Yiuf
D:4 Pikel


Innate Abilities, Weirdness & Mutations

You are immune to sickness and miasma.
You are immune to poison.
Your flesh is very heat resistant. (rF++)
You are vulnerable to cold. (rC-)
You float through the air rather than walking.
You learn spells naturally, not from books.
Your magical power is your life essence.
You have superior vitality. (+4 MHP)


Message History

The lemure completely misses you.
Casting: Magic Dart (safe; 1% risk of failure)
Confirm with . or Enter, or press ? or * to list all spells.
Aiming: Searing Ray (safe; 2% risk of failure)
Press: ? - help, Shift-Dir - straight line, f - goblin
Aim: a goblin, wielding a +0 club (74% to hit)
The searing ray hits the goblin!
You kill the goblin!
The searing ray hits the lemure!
The lemure is moderately wounded.
The searing ray hits the goblin.
You kill the goblin! (Press . to maintain the ray.)
The searing ray hits the lemure.
The lemure is heavily wounded.
The searing ray hits the goblin!
You kill the goblin!
The lemure hits you.
The searing ray hits the lemure.
The lemure is severely wounded.
The lemure hits you.
The searing ray hits the lemure!
The lemure is almost dead.
You finish channelling your searing ray.
The lemure hits you.
You hit the lemure but do no damage.
The lemure is almost dead.
The lemure closely misses you.
Unknown command.
You hit the lemure.
The lemure is almost dead.
The lemure hits you!
* * * LOW HITPOINT WARNING * * *
Unknown command.
You hit the lemure but do no damage.
The lemure is almost dead.
The lemure hits you!
* * * LOW HITPOINT WARNING * * *
The lemure hits you.
You die...

#....#.......###........
#.#######[..)# #########
#....#....##.#
###..#.#####.# #..#.#
#.# #....# #.#
#.########.# #.#
#......# #.# #@######
#.###5# #....)#
######.)######
#............#
#.####.>####.# #.# #..#
#.# #.####..####.# #####
#..........#.# #....


You could see a lemure.

Vanquished Creatures
  A black bear (D:3)
  A lemure (D:3)
  An orc priest (D:3)
  Jessica (D:3)
  An iguana (D:2)
  Ijyb (D:3)
  Robin (D:4)
  A gnoll (D:1)
  2 adders (D:2)
  3 dart slugs
  5 orcs (D:3)
  6 endoplasms
  4 giant cockroaches
  13 goblins
  6 hobgoblins
  2 quokkas
  2 ball pythons
  7 bats
  2 frilled lizards
  8 kobolds
  5 rats
73 creatures vanquished.

Vanquished Creatures (others)
  A fulminant prism (D:4)
1 creature vanquished.

Grand Total: 74 creatures vanquished

Notes
Turn   | Place    | Note
-------+----------+-------------------------------------------
     0 | D:1      | SirFunk the Djinni Conjurer began the quest for the Orb.
     0 | D:1      | Reached XP level 1. HP: 15/15 MP: 0/0
    94 | D:1      | Reached skill level 1 in Fighting
    94 | D:1      | Reached XP level 2. HP: 10/22 MP: 0/0
   485 | D:1      | Reached XP level 3. HP: 3/28 MP: 0/0
   485 | D:1      | Learned a level 1 spell: Shock
  1212 | D:1      | Found a faded altar of an unknown god.
  2191 | D:2      | Reached XP level 4. HP: 24/33 MP: 0/0
  2859 | D:3      | Noticed Ijyb
  2859 | D:3      | Found Sixeis's General Store.
  2863 | D:3      | Killed Ijyb
  2864 | D:3      | Reached XP level 5. HP: 31/40 MP: 0/0
  2864 | D:3      | Learned a level 2 spell: Passwall
  3257 | D:3      | Noticed a black bear
  3264 | D:3      | Killed a black bear
  3265 | D:3      | Reached XP level 6. HP: 38/47 MP: 0/0
  3415 | D:3      | Noticed Jessica
  3423 | D:3      | Killed Jessica
  3778 | D:3      | Found a runed translucent door.
  3779 | D:3      | Noticed Crazy Yiuf
  4383 | D:4      | Noticed Robin
  4386 | D:4      | Killed Robin
  4389 | D:4      | Noticed Pikel
  4543 | D:3      | HP: 2/47 [lemure[Pikel] (9)]
  4543 | D:3      | Slain by a lemure

Illustrated notes

Levels and vault maps discovered:
D:1:      dpeg_arrival_radiant, layout_basic,
          dreamdust_ecumenical_altar_hidden_monk_grotto, grunt_decor_clamped
D:2:      layout_basic, minmay_tetromino_s2
D:3:      layout_loops_ring, serial_shops, nicolae_shop_crystal,
          uniq_crazy_yiuf_cottage, uniq_jessica, uniq_ijyb
D:4:      layout_rooms, mainiacjoe_overflow_six_doors_small,
          gammafunk_ghost_arena, cheibrodos_gnoll_hut, uniq_pikel, uniq_robin

Skill      XL: |  1  2  3  4  5  6 |
---------------+-------------------+-----
Fighting       | 1 2 3 4 |  4.2
Spellcasting   | 4 |  4.7
Dodging        | |  2.1
Stealth        | |  1.5

Action                   |  1- 3 |  4- 6 || total
-------------------------+-------+-------++-------
Melee: Spear             |       |     8 ||     8
       Whip              |       |    11 ||    11
 Cast: Magic Dart        |    74 |    42 ||   116
       Searing Ray       |     1 |     7 ||     8
       Shock             |       |     3 ||     3
       Fulminant Prism   |       |     1 ||     1
 Stab: Sleeping          |       |     1 ||     1
Armor: Robe              |     3 |    10 ||    13
Dodge: Dodged            |     5 |    16 ||    21

Table legend: (Time is in decaauts)
 A = Elapsed time spent in this place.
 B = Non-inter-level travel time spent in this place.
 C = Inter-level travel time spent in this place.
 D = Time resting spent in this place.
 E = Time spent auto-exploring this place.
 F = Levels seen in this place.
 G = Mean time per level.
                   A        B        C        D        E       F      G
               +--------+--------+--------+--------+--------+-----+--------+
         Total |   4542 |   4323 |    219 |   1462 |   2522 |   4 | 1135.5 |
       Dungeon |   4542 |   4323 |    219 |   1462 |   2522 |   4 | 1135.5 |
               +--------+--------+--------+--------+--------+-----+--------+

Top non-repeatable levels by time:
     D:3: 1676 daAuts
     D:1: 1647 daAuts
     D:2: 1208 daAuts
     D:4: 9 daAuts
